 Dungeon Crawl Stone Soup version 0.20.0-8-g6b59dc7 (webtiles) character file.

3615 ChaseSP the Cleaver (level 9, -2/90 HPs)
             Began as a Deep Dwarf Fighter on May 30, 2017.
             Was an Initiate of Makhleb.
             Slain by a two-headed ogre
             ... wielding a +0 giant club
              (10 damage)
             ... on level 8 of the Dungeon on May 31, 2017.
             The game lasted 00:23:01 (6768 turns).

ChaseSP the Cleaver (Deep Dwarf Fighter)            Turns: 6768, Time: 00:23:01

Health: -2/90      AC: 12    Str: 20    XL:     9   Next: 86%
Magic:  4/4        EV:  8    Int:  9    God:    Makhleb [......]
Gold:   525        SH:  9    Dex: 15    Spells: 8/8 levels left

rFire    + . .     SeeInvis .   a - +0 war axe
rCold    + + .     Gourm    .   c - +0 shield
rNeg     . . .     Faith    .   e - +0 chain mail
rPois    +         Spirit   .   L - +0 helmet
rElec    .         Reflect  .   w - scarf {rC+ rF+}
rCorr    .         Harm     .   (no gloves)
MR       +....     Rnd*Rage +   C - +0 pair of boots Stlth ..........Rnd*Tele +
                                (no amulet)
Regen    0.0/turn               h - ring of protection from cold
MPRegen  0.1/turn               (no ring)

@: non-regenerating, heavily drained
A: damage resistance, heal wounds, repulsion field 1, berserk 1, blink, sense
surroundings 2, poison resistance, robust 1, teleportitis 1, no regeneration
a: Heal Wounds, Blink, Renounce Religion


You were on level 8 of the Dungeon.
You worshipped Makhleb.
Makhleb was noncommittal.
You were not hungry.

You visited 2 branches of the dungeon, and saw 9 of its levels.
You also visited: Sewer.

You collected 525 gold pieces.

Inventory:

Hand Weapons
 a - a +0 war axe (weapon)
 j - a +0 flail
 J - a +0 arbalest
Missiles
 u - 54 bolts
Armour
 b - a +0 scale mail
 c - a +0 shield (worn)
 e - a +0 chain mail (worn)
 w - a scarf of resistance (worn)
 C - a +0 pair of boots (worn)
 L - a +0 helmet (worn)
Jewellery
 h - a ring of protection from cold (left hand)
 D - an uncursed amulet of guardian spirit
Wands
 z - a wand of iceblast (0/15)
Scrolls
 l - a scroll of amnesia
 m - 7 scrolls of teleportation {unknown}
 o - 3 scrolls of remove curse {unknown}
 p - 2 scrolls of enchant armour {unknown}
 t - a scroll of immolation {unknown}
 v - 3 scrolls of recharging {unknown}
 y - 3 scrolls of fear {unknown}
 F - a scroll of fog {unknown}
 G - 4 scrolls of blinking {unknown}
 K - a scroll of enchant weapon {unknown}
Potions
 d - 5 potions of might
 i - a potion of brilliance {unknown}
 k - 2 potions of curing
 n - a potion of heal wounds
 s - 2 potions of invisibility
 x - a potion of agility
 A - a potion of haste
 B - 4 potions of mutation
 H - 2 potions of flight
 I - a potion of lignification
Comestibles
 f - 8 bread rations
 q - 5 meat rations
 r - 4 royal jellies


   Skills:
 - Level 5.6(4.1) Fighting
 * Level 12.5(10.7) Axes
 - Level 6.0(4.4) Armour
 + Level 3.8(2.3) Dodging
 - Level 3.2(1.8) Shields


You had 8 spell levels left.
You didn't know any spells.

Dungeon Overview and Level Annotations

Branches:
Dungeon (8/15)             Temple (1/1) D:6            Lair (0/6) D:8

Altars:
Cheibriados
Dithmenos
Gozag
Hepliaklqana
Makhleb
Okawaru
Ru
Trog
Uskayaw
Vehumet
Zin
The Shining One


Innate Abilities, Weirdness & Mutations

You are resistant to damage.
You can heal yourself by infusing magical energy.
You passively map the area around you.
You do not regenerate.
You are surrounded by a mild repulsion field. (EV +2)
You tend to lose your temper in combat.
You can translocate small distances at will.
Your system is resistant to poisons. (rPois)
You are robust. (+10% HP)
You are occasionally teleported next to monsters.


Message History

Your chain mail prevents you from hitting the two-headed ogre.
The two-headed ogre is heavily wounded.
You hit the two-headed ogre.
The two-headed ogre is heavily wounded.
The two-headed ogre hits you with a giant club!
You block the two-headed ogre's attack.
You hit the two-headed ogre.
The two-headed ogre is heavily wounded.
The two-headed ogre hits you with a giant club.
The two-headed ogre misses you.
Your shield prevents you from hitting the two-headed ogre.
The two-headed ogre is heavily wounded.
The two-headed ogre hits you with a giant club!
* * * LOW HITPOINT WARNING * * *
The two-headed ogre hits you with a giant club!
* * * LOW HITPOINT WARNING * * *
You hit the two-headed ogre but do no damage.
The two-headed ogre is heavily wounded.
The two-headed ogre hits you with a giant club!
You die...

* *
##..............,,
, ...........###..
,, , **
#####.......# , ,,
, , ......(....#
,, , , ,
####...(...# , ,,
, * #....((.# , ,
#.......# , , , *
#...O(..# , ,
#....@..##... *
#....)....... , ,
, #...........#**
, , *
#........#... *
#.......#..#. * *
#########.## ,,**,
,, ,. ** *≈,P,> *
, , **


You could see a two-headed ogre.

Vanquished Creatures
  The ghost of face the Ruffian, a novice TrAr of Nemelex Xobeh (D:5)
  A slime creature (D:6)
  Sigmund (D:5)
  A water moccasin (D:5)
  An ice beast (D:6)
  A sky beast (D:6)
  4 ogres
  3 centaurs
  A phantom (D:4)
  2 big kobolds (D:4)
  2 bullfrogs (D:6)
  5 wights (D:8)
  3 howler monkeys
  2 hounds
  7 jellies (D:6)
  An orc priest (D:6)
  2 bullfrog skeletons
  A centaur skeleton (D:6)
  2 orc wizards
  2 iguanas
  6 worker ants
  15 gnolls
  12 adders
  7 river rats
  15 oozes
  2 worms
  5 dart slugs
  8 leopard geckos
  8 orcs
  8 bats
  7 giant cockroaches
  37 goblins
  28 hobgoblins
  14 jackals
  4 kobolds
  6 quokkas
  5 ball pythons
  8 frilled lizards
  A jackal skeleton (D:4)
  A quokka skeleton (D:5)
  2 quokka zombies
  18 rats
260 creatures vanquished.

Vanquished Creatures (others)
  5 fungi (D:6)
5 creatures vanquished.

Grand Total: 265 creatures vanquished

Notes
Turn   | Place    | Note
-------+----------+-------------------------------------------
     0 | D:1      | ChaseSP the Deep Dwarf Fighter began the quest for the Orb.
     0 | D:1      | Reached XP level 1. HP: 20/20 MP: 1/1
    78 | D:1      | Reached skill level 3 in Axes
   149 | D:1      | Reached XP level 2. HP: 27/27 MP: 2/2
   430 | D:1      | Reached XP level 3. HP: 30/33 MP: 3/3
   594 | D:2      | Reached skill level 4 in Axes
   601 | D:2      | Reached XP level 4. HP: 27/40 MP: 4/4
   665 | D:2      | Reached skill level 5 in Axes
  1088 | D:2      | Found a shadowy altar of Dithmenos.
  1586 | D:3      | Found a shadowy altar of Dithmenos.
  1586 | D:3      | Found an opulent altar of Gozag.
  1779 | D:3      | Reached XP level 5. HP: 11/49 MP: 5/5
  2285 | D:4      | Noticed a phantom
  2329 | D:4      | Killed a phantom
  2329 | D:4      | Reached skill level 6 in Axes
  2365 | D:4      | Reached XP level 6. HP: 39/56 MP: 6/6
  2419 | D:4      | Found a sacrificial altar of Ru.
  2544 | D:4      | Reached skill level 7 in Axes
  2726 | D:4      | Reached XP level 7. HP: 28/64 MP: 6/6
  3237 | D:4      | Reached skill level 8 in Axes
  3695 | D:5      | Entered Level 5 of the Dungeon
  3847 | D:5      | Noticed face's ghost (novice TrAr)
  3869 | D:5      | Killed face's ghost
  3869 | D:5      | Reached skill level 5 in Fighting
  3869 | D:5      | Reached skill level 9 in Axes
  3869 | D:5      | Reached XP level 8. HP: 47/76 MP: 6/6
  4019 | D:5      | Noticed Sigmund
  4028 | D:5      | Killed Sigmund
  4028 | D:5      | Reached skill level 10 in Axes
  4254 | D:5      | Gained mutation: Your mind is acute. (Int +2) [potion of mutation]
  4254 | D:5      | Gained mutation: You can translocate small distances at will. [potion of mutation]
  4254 | D:5      | Lost mutation: Your mind is acute. (Int +2) [potion of mutation]
  4254 | D:5      | Gained mutation: You are robust. (+10% HP) [potion of mutation]
  4542 | D:6      | Noticed a slime creature
  4578 | D:6      | Killed a slime creature
  4578 | D:6      | Reached skill level 11 in Axes
  4578 | D:6      | Gained mutation: You passively map the area around you. [Deep Dwarf growth]
  4578 | D:6      | Reached XP level 9. HP: 31/90 MP: 7/7
  4580 | D:6      | Reached skill level 5 in Armour
  4723 | D:6      | Found a staircase to the Ecumenical Temple.
  4823 | D:6      | Found a glowing drain.
  4837 | Sewer    | Entered a sewer
  5304 | D:6      | Reached skill level 1 in Dodging
  5481 | D:6      | Gained mutation: Your system is resistant to poisons. (rPois) [mutagenic meat]
  5482 | D:6      | Gained mutation: You are occasionally teleported next to monsters. [mutagenic meat]
  5484 | D:6      | Gained mutation: You tend to lose your temper in combat. [mutagenic meat]
  5485 | D:6      | Gained mutation: You are surrounded by a mild repulsion field. (EV +2) [mutagenic meat]
  5573 | Temple   | Entered the Ecumenical Temple
  5592 | Temple   | Became a worshipper of Makhleb the Destroyer
  5692 | D:6      | Reached skill level 12 in Axes
  6063 | D:7      | Found a hide-covered altar of Uskayaw.
  6145 | D:7      | Found a hazy altar of Hepliaklqana.
  6679 | D:8      | Noticed a two-headed ogre
  6768 | D:8      | Slain by a two-headed ogre

Skill      XL: |  1  2  3  4  5  6  7  8  9 |
---------------+----------------------------+-----
Axes           | 3 4 5 6 7 9 11 12 | 12.5
Fighting       | 3 4 5 |  5.6
Armour         | 4 6 |  6.0
Dodging        | 3 |  3.8
Shields        | |  3.2

Action                   |  1- 3 |  4- 6 |  7- 9 || total
-------------------------+-------+-------+-------++-------
Melee: War axe           |    82 |   223 |   515 ||   820
 Abil: Heal Wounds       |       |     4 |    14 ||    18
Evoke: Wand              |       |       |     2 ||     2
  Use: Potion            |       |     1 |     6 ||     7
       Scroll            |       |       |     9 ||     9
  Eat: Chunk             |       |     6 |    17 ||    23
       Fruit             |       |       |     4 ||     4
Armor: Chain mail        |    53 |   138 |   197 ||   388
Dodge: Dodged            |    29 |    52 |   104 ||   185
Block: Shield            |    53 |   124 |   205 ||   382
